 Dungeon Crawl Stone Soup version 0.30-a0-170-g85af917532 (webtiles) character file.

Game seed: 13614527433716018993

69685 Flugkiller the Warrior (level 14, -2/123 HPs)
             Began as a Mummy Berserker on Sept 30, 2022.
             Was a High Priest of Trog.
             Killed from afar by a fire dragon (45 damage)
             ... with a blast of flame
             ... on level 14 of the Dungeon.
             The game lasted 00:23:00 (25370 turns).

Flugkiller the Warrior (Mummy Berserker)           Turns: 25370, Time: 00:23:01

Health: -2/123     AC: 35    Str: 24    XL:     14   Next: 91%
Magic:  14/14      EV:  7    Int: 11    God:    Trog [*****.]
Gold:   1486       SH:  5    Dex: 13    Spells: 13/13 levels left

rFire   x . .      SeeInvis .    S - +7 broad axe (flame)
rCold   + . .      Faith    +    o - +0 buckler
rNeg    + + +      Spirit   .    b - +10 plate armour of Temperance {Int+2 Slay+2}
rPois   ∞          Reflect  .    c - +1 helmet
rElec   +          Harm     .    g - +0 cloak of Pathos {+Inv}
rCorr   +          Rampage  .    I - +1 pair of gloves
Will    +....                    (no boots)
Stlth   ..........               F - amulet of the acrobat
HPRegen 0.30/turn                C - +4 ring of protection
MPRegen 0.14/turn                D - ring "Fatuax" {rElec rCorr Int+3 Slay+3}

@: studying Ranged Weapons
A: cold resistance 1, negative energy resistance 3, torment resistance 2, heat
vulnerability 1, in touch with death 2, no potions, faith
a: Renounce Religion, Evoke Invisibility, Trog's Hand, Brothers in Arms


You were on level 14 of the Dungeon.
You worshipped Trog.
Trog was extremely pleased with you.
You visited 2 branches of the dungeon, and saw 19 of its levels.

You collected 1739 gold pieces.
You spent 253 gold pieces at shops.

Inventory:

Hand Weapons
 S - a +7 broad axe of flaming (weapon)
   (Trog gifted it to you on level 12 of the Dungeon)
Missiles
 a - 2 javelins
 r - a throwing net
 y - 9 curare-tipped darts
 H - 32 boomerangs (quivered)
Armour
 b - the +10 plate armour of Temperance (worn) {Int+2 Slay+2}
   (You acquired it on level 12 of the Dungeon)

   Int:       It affects your intelligence (+2).
   Slay:      It affects your accuracy & damage with ranged weapons and melee
   (+2).
 c - a +1 helmet (worn)
   (You found it on level 2 of the Dungeon)
 d - a +0 cloak
   (You found it on level 1 of the Dungeon)
 g - the +0 cloak of Pathos (worn) {+Inv}
   (You found it on level 5 of the Dungeon)

   +Inv:      It lets you turn invisible.
 o - a +0 buckler (worn)
   (You found it on level 3 of the Lair of Beasts)
 v - a +0 plate armour
   (You found it on level 6 of the Dungeon)
 w - a +2 hat
   (You found it on level 1 of the Dungeon)
 I - a +1 pair of gloves (worn)
   (You found it on level 9 of the Dungeon)
 M - a scarf of resistance
   (You found it on level 2 of the Lair of Beasts)
Jewellery
 f - a ring of protection from fire
   (You found it on level 3 of the Dungeon)
 i - a ring of see invisible
   (You found it on level 6 of the Dungeon)
 m - a ring of willpower
   (You found it on level 3 of the Dungeon)
 p - a +4 ring of protection
   (You found it on level 2 of the Lair of Beasts)
 x - a +6 ring of strength
   (You found it on level 6 of the Dungeon)
 C - a +4 ring of protection (left hand)
   (You bought it in a shop on level 8 of the Dungeon)
 D - the ring "Fatuax" (right hand) {rElec rCorr Int+3 Slay+3}
   (You found it on level 12 of the Dungeon)

   [ring of resist corrosion]

   Int:       It affects your intelligence (+3).
   Slay:      It affects your accuracy & damage with ranged weapons and melee
   (+3).
   rElec:     It insulates you from electricity.
   rCorr:     It protects you from acid and corrosion.
 E - a ring of flight
   (You bought it in a shop on level 8 of the Dungeon)
 F - an amulet of the acrobat (around neck)
   (You found it on level 8 of the Dungeon)
Wands
 q - a wand of digging (15)
   (You found it on level 4 of the Lair of Beasts)
 u - a wand of iceblast (22)
   (You found it on level 6 of the Dungeon)
 O - a wand of quicksilver (18)
   (You found it on level 5 of the Dungeon)
 P - a wand of paralysis (3)
   (You found it on level 13 of the Dungeon)
Scrolls
 e - 5 scrolls of vulnerability
 h - a scroll of silence
 j - 3 scrolls of enchant armour
 k - a scroll of summoning
 l - 8 scrolls of immolation
 n - 7 scrolls of poison
 s - 2 scrolls of magic mapping
 t - 6 scrolls of teleportation
 z - 3 scrolls of blinking
 A - 4 scrolls of torment
 G - 4 scrolls of fear
 K - 3 scrolls of fog
 L - a scroll of acquirement
Miscellaneous
 B - a piece from Xom's chessboard (15/15)
   (You found it on level 13 of the Dungeon)
 J - a box of beasts
   (You found it on level 12 of the Dungeon)
 N - a condenser vane
   (You found it on level 2 of the Lair of Beasts)
 R - a lightning rod (4/4)
   (You found it on level 5 of the Lair of Beasts)


   Skills:
 - Level 15.1 Fighting
 + Level 13.7 Axes
 - Level 11.0 Armour
 - Level 2.0 Dodging
 + Level 3.9 Shields
 - Level 10.0 Evocations


You had 13 spell levels left.
You didn't know any spells.
Your spell library was empty.

Dungeon Overview and Level Annotations

Branches:
Dungeon (14/15) Zot: 26886  Temple (0/1) D:6            Lair (5/5) D:10 Zot: 19878
 Shoals (0/4) Lair:2       Spider (0/4) Lair:3        Slime (0/5) Lair:5
    Orc (0/2) D:12
 Vaults: D:13-14

Altars:
Cheibriados
Dithmenos
Fedhas
Kikubaaqudgha
Makhleb
Nemelex Xobeh
Okawaru
Trog
Vehumet
Xom
Jiyva

Shops:
D:8 *

Annotations:
Lair:1 1 runed translucent door
Lair:3 exclusion: oklob plant
Lair:4 exclusion: downstairs
Lair:5 exclusion: 2 oklob plants


Innate Abilities, Weirdness & Mutations

You are immune to poison.
Your flesh is cold resistant. (rC+)
You are immune to negative energy. (rN+++)
You are immune to unholy pain and torment.
You are vulnerable to heat. (rF-)
You are strongly in touch with the powers of death.
You do not drink.
You have a special connection with the divine. (Faith)


Message History

The centaur warrior skeleton hits you but does no damage.
The centaur warrior skeleton kicks you but does no damage.
You block the centaur warrior zombie's attack.
The centaur warrior zombie kicks you.
You slice the centaur warrior skeleton!!
You burn the centaur warrior skeleton.
The centaur warrior skeleton is heavily damaged.
You hit the centaur warrior zombie. You burn the centaur warrior zombie.
You block the centaur warrior skeleton's attack.
The centaur warrior skeleton kicks you but does no damage.
The centaur warrior zombie hits you but does no damage.
The centaur warrior zombie closely misses you.
The centaur warrior skeleton hits you but does no damage.
The centaur warrior skeleton kicks you but does no damage.
You hit the centaur warrior zombie. You burn the centaur warrior zombie.
The centaur warrior zombie is almost destroyed.
You slash the centaur warrior skeleton! You burn the centaur warrior skeleton.
The centaur warrior zombie hits you but does no damage.
The centaur warrior zombie kicks you but does no damage.
The centaur warrior skeleton hits you but does no damage.
The centaur warrior skeleton kicks you but does no damage.
The centaur warrior zombie hits you but does no damage.
The centaur warrior zombie completely misses you.
You slash the centaur warrior zombie! You burn the centaur warrior zombie.
You destroy the centaur warrior zombie!
Trog accepts your kill.
You slash the centaur warrior skeleton! You burn the centaur warrior skeleton.
The centaur warrior skeleton hits you but does no damage.
The centaur warrior skeleton kicks you but does no damage.
You hit the centaur warrior skeleton. You burn the centaur warrior skeleton.
You destroy the centaur warrior skeleton!
Trog accepts your kill.
t - 6 scrolls of teleportation (gained 1)
Items here: )))) [[[[ ††.
No target in view!
You see here a +4 quarterstaff of flaming.
Items here: )))) [[[[ ††.
Found a green potion.
You see here a gluggy blue potion.
P - a wand of paralysis (3)
There is an open door here.
HP restored.
Key pressed, stopping explore.
There is a shaft here.
Done exploring.
Done exploring.
Done exploring.
(D) Dungeon (T) Temple (L) Lair (A) Shoals (N) Spider Nest (M) Slime Pits (O) Orcish Mines
Where to? (Enter - D:13, ? - help)
There is a stone staircase leading down here.
You climb downwards.
There is a stone staircase leading up here.
Unknown command.
You open the door.
There is an open door here.
Found 9 stones.
q - a wand of digging (15) (gained 3 charges)
You open the door.
There is an open door here.
Found a ring mail.
You now have 1459 gold pieces (gained 12).
You see here a +0 ring mail.
You now have 1474 gold pieces (gained 15).
You now have 1486 gold pieces (gained 12).
Found a stone staircase leading up.
You open the door.
There is an open door here.
Found a stone staircase leading up.
Found a chain mail.
Found a stone staircase leading down.
A fire dragon comes into view.
The fire dragon roars deafeningly!
A fire dragon is nearby!
The fire dragon bites you but does no damage.
You block the fire dragon's attack.
The fire dragon tramples you but does no damage.
You hit the fire dragon but do no damage.
The fire dragon bites you but does no damage.
The fire dragon barely misses you. The fire dragon tramples you.
You stumble backwards!
You slash the fire dragon!
The fire dragon is lightly wounded.
You hit the fire dragon but do no damage.
The fire dragon is lightly wounded.
The fire dragon breathes flames at you. The blast of flame misses you.
The fire dragon bites you but does no damage.
The fire dragon claws you but does no damage.
The fire dragon tramples you.
You stumble backwards!
You slash the fire dragon!
The fire dragon is moderately wounded.
The fire dragon breathes flames at you. The blast of flame hits you!!!!
The fire burns you terribly!
Ouch! That really hurt!
You are too injured to fight recklessly!
You barely miss the fire dragon.
The fire dragon is moderately wounded.
The fire dragon breathes flames at you. The blast of flame hits you!!!
The fire burns you terribly!
You die...

#..########.....#
##.#......'.....#
#.#......#...###
#.#......#...#
#.#####+##...#
#<...........#
#............##
#....<........#
#...D@..#######
............#
............#
............#
..............
..........[....
......>..$.....#
..###......#####


You could see a fire dragon (catching breath).

Vanquished Creatures
  Gastronok (Lair:2)
  A dire elephant (Lair:5)
  Harold (Lair:2)
  3 hydras
  4 boulder beetles
  3 catoblepae
  A centaur warrior (D:13)
  2 two-headed ogres
  8 death yaks
  2 lindwurms
  An orange crystal statue (D:12)
  A wolf spider (Lair:2)
  2 necromancers (D:13)
  A deep elf pyromancer (D:13)
  Pikel (D:7)
  An ugly thing (D:11)
  3 cyclopes
  A manticore (D:11)
  3 centaur zombies (D:13)
  2 merfolk sirens (Lair:2)
  4 black mambas
  9 elephants
  2 torpor snails (Lair:5)
  9 centaur skeletons (D:13)
  4 gargoyles
  An unseen horror (D:7)
  Psyche (D:8)
  6 cane toads
  2 rime drakes
  2 komodo dragons
  5 kobold demonologists
  2 merfolk (Lair:2)
  15 polar bears
  2 hornets
  2 trolls (D:9)
  2 raiju (Lair:5)
  4 slime creatures (D:12)
  10 dream sheep (Lair:5)
  4 flying skulls (D:13)
  5 shadows
  A vampire (D:12)
  6 wyverns
  9 wraiths
  2 steam dragons
  41 yaks
  2 basilisks
  5 wargs
  11 vampire mosquitoes
  10 water moccasins
  15 hell hounds (Lair:5)
  An ice beast (D:8)
  15 black bears
  6 orc warriors
  A sky beast (D:7)
  34 wolves
  2 lemures (D:7)
  10 kobold brigands
  14 bullfrogs
  5 scorpions
  6 wights
  17 killer bees
  4 howler monkeys
  2 gnoll boudas
  5 hounds
  3 orc priests
  A jelly (D:8)
  2 boggart zombies (D:13)
  5 iguanas
  5 orc wizards
  A boggart skeleton (D:13)
  Robin (D:4)
  9 adders
  11 gnolls
  A shadow imp (D:6)
  3 white imps
  An ufetubus (D:5)
  2 worms
  A dart slug (D:1)
  36 orcs
  4 ball pythons
  5 endoplasms
  3 giant cockroaches
  12 goblins
  14 hobgoblins
  4 quokkas
  9 bats
  3 frilled lizards
  29 kobolds
  A rat (D:1)
523 creatures vanquished.

Vanquished Creatures (collateral kills)
  Erica (Lair:2)
  2 death yaks (Lair:3)
  An elephant (Lair:4)
  2 komodo dragons
  A polar bear (Lair:4)
  4 yaks
  A water moccasin (Lair:2)
  2 wolves (Lair:2)
  A wight (D:7)
  A gnoll bouda (D:7)
  An iguana (D:7)
  3 gnolls (D:7)
20 creatures vanquished.

Vanquished Creatures (others)
  A human (D:7)
  A bush (Lair:4)
  16 fungi
  37 plants
  7 toadstools (Lair:1)
62 creatures vanquished.

Grand Total: 605 creatures vanquished

Notes
Turn   | Place    | Note
-------+----------+-------------------------------------------
     0 | D:1      | Flugkiller the Mummy Berserker began the quest for the Orb.
     0 | D:1      | Reached XP level 1. HP: 18/18 MP: 1/1
   230 | D:1      | Reached XP level 2. HP: 4/24 MP: 2/2
   708 | D:1      | Reached ** piety under Trog
  1016 | D:1      | Gained mutation: You are in touch with the powers of death.
                  | [Mummy growth]
  1016 | D:1      | Reached XP level 3. HP: 29/29 MP: 3/3
  1882 | D:2      | Found a faded altar of an unknown god.
  2479 | D:3      | Reached XP level 4. HP: 20/35 MP: 4/4
  2903 | D:3      | Reached *** piety under Trog
  3167 | D:4      | Reached XP level 5. HP: 39/42 MP: 5/5
  3186 | D:4      | Reached skill level 4 in Fighting
  3196 | D:4      | Noticed Robin
  3218 | D:4      | Killed Robin
  3508 | D:4      | Reached **** piety under Trog
  3722 | D:4      | Reached XP level 6. HP: 47/48 MP: 6/6
  3900 | D:5      | Entered Level 5 of the Dungeon
  4150 | D:5      | Identified the +0 cloak of Pathos {+Inv}
  4371 | D:5      | Reached skill level 5 in Axes
  4383 | D:5      | Reached XP level 7. HP: 51/55 MP: 7/7
  4729 | D:5      | Reached skill level 5 in Fighting
  5158 | D:6      | Found a staircase to the Ecumenical Temple.
  5269 | D:6      | Found a radiant altar of Vehumet.
  5340 | D:6      | Reached XP level 8. HP: 53/63 MP: 8/8
  5525 | D:6      | Found a burning altar of Makhleb.
  5727 | D:6      | Reached skill level 1 in Evocations
  5863 | D:6      | Reached ***** piety under Trog
  5864 | D:6      | Reached skill level 6 in Fighting
  6315 | D:7      | Found a sparkling altar of Nemelex Xobeh.
  6433 | D:7      | Reached XP level 9. HP: 26/71 MP: 9/9
  6435 | D:7      | Reached skill level 5 in Armour
  6829 | D:7      | Noticed an unseen horror
  6844 | D:7      | Killed an unseen horror
  7191 | D:7      | Found a blossoming altar of Fedhas.
  7211 | D:7      | Found a shimmering altar of Xom.
  7434 | D:7      | Reached skill level 7 in Fighting
  7453 | D:7      | Noticed Pikel
  7477 | D:7      | Killed Pikel
  7494 | D:7      | Found an ancient bone altar of Kikubaaqudgha.
  7581 | D:7      | Found a bloodstained altar of Trog.
  7583 | D:7      | Found an iron altar of Okawaru.
  7649 | D:8      | Found Etoor's Assorted Antiques.
  7659 | D:8      | Bought a cabochon ring for 115 gold pieces
  7659 | D:8      | Bought a scroll labelled FOANLY XYGHIO for 23 gold pieces
  7659 | D:8      | Bought a twisted coral ring for 115 gold pieces
  7707 | D:8      | Found a snail-covered altar of Cheibriados.
  7869 | D:8      | Noticed Psyche
  7883 | D:8      | Killed Psyche
  7884 | D:8      | Reached XP level 10. HP: 73/79 MP: 10/10
  8898 | D:9      | Reached skill level 8 in Fighting
  9140 | D:9      | Noticed a rust devil
  9170 | D:9      | Received a gift from Trog
  9233 | D:9      | Noticed a smoke demon
  9569 | D:9      | Reached skill level 5 in Evocations
 10166 | D:10     | Entered Level 10 of the Dungeon
 10177 | D:10     | Reached XP level 11. HP: 28/87 MP: 11/11
 10688 | D:10     | Reached skill level 10 in Axes
 10891 | D:10     | Found a shadowy altar of Dithmenos.
 11055 | D:10     | Found a staircase to the Lair.
 11358 | D:10     | Identified a scroll of acquirement
 11397 | D:11     | Noticed a soul eater
 11413 | D:11     | Reached skill level 9 in Fighting
 11473 | D:11     | Noticed a boulder beetle
 11484 | D:11     | Killed a boulder beetle
 11806 | D:11     | Noticed a brown ugly thing
 11820 | D:11     | Killed a brown ugly thing
 12252 | D:11     | Noticed a two-headed ogre
 12263 | D:11     | Killed a two-headed ogre
 12997 | D:11     | Acquired a manual of Fighting
 13047 | Lair:1   | Entered Level 1 of the Lair of Beasts
 13137 | Lair:1   | Noticed a catoblepas
 13163 | Lair:1   | Killed a catoblepas
 13164 | Lair:1   | Reached XP level 12. HP: 62/97 MP: 12/12
 13601 | Lair:1   | Noticed a boulder beetle
 13614 | Lair:1   | Killed a boulder beetle
 13615 | Lair:1   | Reached skill level 10 in Fighting
 13717 | Lair:1   | Noticed a dire elephant
 13717 | Lair:1   | Noticed a catoblepas
 13738 | Lair:1   | Found a runed translucent door.
 14069 | Lair:1   | Noticed a boulder beetle
 14085 | Lair:1   | Killed a boulder beetle
 14392 | Lair:2   | Noticed Harold
 14408 | Lair:2   | Noticed Erica
 14418 | Lair:2   | Killed Erica
 14419 | Lair:2   | Killed Harold
 14507 | Lair:2   | Noticed Gastronok
 14523 | Lair:2   | Killed Gastronok
 14524 | Lair:2   | Reached skill level 11 in Fighting
 14895 | Lair:2   | Found a staircase to the Shoals.
 15976 | Lair:3   | Noticed a death yak
 15977 | Lair:3   | Noticed a death yak
 15977 | Lair:3   | Noticed a death yak
 15977 | Lair:3   | Noticed a death yak
 15981 | Lair:3   | Noticed a death yak
 15984 | Lair:3   | Noticed a death yak
 15992 | Lair:3   | Killed a death yak
 15998 | Lair:3   | Killed a death yak
 16004 | Lair:3   | Killed a death yak
 16005 | Lair:3   | Reached skill level 12 in Fighting
 16005 | Lair:3   | Killed a death yak
 16008 | Lair:3   | Killed a death yak
 16014 | Lair:3   | Killed a death yak
 16015 | Lair:3   | Gained mutation: You are strongly in touch with the powers
                  | of death. [Mummy growth]
 16015 | Lair:3   | Reached XP level 13. HP: 25/108 MP: 13/13
 16061 | Lair:3   | HP: 2/108 [boulder beetle (18)]
 16751 | Lair:3   | Found a hole to the Spider Nest.
 17830 | Lair:4   | Reached skill level 13 in Fighting
 19190 | Lair:5   | Entered Level 5 of the Lair of Beasts
 19204 | Lair:5   | Received a gift from Trog
 19515 | Lair:5   | Found a viscous altar of Jiyva.
 19578 | Lair:5   | Reached skill level 10 in Armour
 19579 | Lair:5   | Reached skill level 14 in Fighting
 19845 | Lair:5   | Noticed a dire elephant
 19861 | Lair:5   | Killed a dire elephant
 20215 | Lair:4   | Reached XP level 14. HP: 100/121 MP: 14/14
 21215 | Lair:5   | Identified the +8 dagger of Inflation {pain, rElec rC+ MP+9
                  | Str-3}
 21360 | Lair:5   | Found a staircase to the Slime Pits.
 21611 | Lair:5   | HP: 1/121 [oklob plant/splash of acid (17)]
 22142 | Lair:5   | Reached skill level 15 in Fighting
 22915 | D:12     | Received a gift from Trog
 23563 | D:12     | Found a staircase to the Orcish Mines.
 23620 | D:12     | Reached skill level 1 in Shields
 24311 | D:12     | Identified the ring of Quros {*Corrode rC+ rN+ Int+2}
 24325 | D:12     | Identified the ring "Fatuax" {rElec rCorr Int+3 Slay+3}
 24626 | D:12     | Acquired the +10 plate armour of Temperance {Int+2 Slay+2}
 24639 | D:12     | thank god
 24694 | D:13     | Reached skill level 10 in Evocations
 25070 | D:13     | Received a gift from Trog
 25370 | D:14     | Killed from afar by a fire dragon

Illustrated notes

#................#
#................#
#...............##
##..............#
#..............#
##.............#
#####............##
##................#
#
#.####..@.........#
# ###
###.......<.## #
####...#### ##
########### ##.
##...##....####..
#................
##.............###
#..############# #
##.## #


Turn 24639 on D:12: thank god

Levels and vault maps discovered:
D:1:      lemuel_arrival_lava_pool, layout_loops_ring, chequers_big_river,
          serial_bayou_pond_d
D:2:      layout_basic, hellmonk_ecumenical_altar_blasted
D:3:      layout_rooms
D:4:      layout_rooms, serial_rivers, chequers_serial_rivers_large_a,
          chequers_serial_rivers_micro_d, chequers_serial_rivers_micro_b,
          chequers_serial_rivers_micro_b, chequers_serial_rivers_small_3,
          chequers_serial_rivers_micro_b, minmay_quantized, uniq_robin
D:5:      layout_loops_ring, serial_bayou_pond_a, hangedman_decor_growths,
          minmay_increasing_density
D:6:      layout_loops_cross, mainiacjoe_overflow_six_doors_small,
          nicolae_vehumet_radiance, minmay_temple_entry_statues_pillars,
          corner_web_ring
D:7:      layout_rooms, mainiacjoe_overflow_chevrons,
          mainiacjoe_overflow_concentric_impassable, tgw_kikubaaqudgha,
          minitemple, minmay_bent, uniq_pikel
D:8:      layout_rooms, cheibriados_altar_1, serial_shops, nicolae_shop_crystal,
          uniq_psyche
D:9:      layout_long_grid
D:10:     layout_roguey, kennysheep_little_box, david_lair_generic
D:11:     layout_rooms, patterned_corridor
D:12:     layout_layer_cave, david_orc_1_choice, minmay_protected_statue
D:13:     hangedman_screamer, layout_cave_pools
D:14:     layout_irregular_city, david_vaults_2, nicolae_gozag_zags_fifth_avenue
Lair:1:   gammafunk_lair_enchanted_lake, layout_gridlike, serial_rivers,
          chequers_serial_rivers_large_b, chequers_serial_rivers_marsh,
          chequers_serial_rivers_micro_d, chequers_serial_rivers_micro_e
Lair:2:   layout_chaotic_city, elwin_shoals_entry_stream, minivault_23,
          grunt_forest_stairs_basic, nicolae_lair_run_with_the_wolves,
          lemuel_fruit_fields, lemuel_fruit_tree, uniq_erica, uniq_harold,
          uniq_gastronok
Lair:3:   layout_misc_corridors, dummy_spider_entry, gauntlet_entry_generic
Lair:4:   layout_regular_city, beast_lair_carwin_3, infiniplex_staircase_pool_2
Lair:5:   hangedman_lair_caniforms_friends, layout_long_grid,
          minmay_slime_entry_oklob_open, serial_bayou_shore_b,
          serial_bayou_shore_b

Skill      XL: |  1  2  3  4  5  6  7  8  9 10 11 12 13 14 |
---------------+-------------------------------------------+-----
Axes           | 3 4 5 6 7 8 9 11 12 13 | 13.7
Armour         | 2 3 4 5 6 7 9 10 11 | 11.0
Fighting       | 4 5 6 7 8 9 12 14 15 | 15.1
Evocations     | 2 3 5 6 7 9 10 | 10.0
Dodging        | 2 |  2.0
Shields        | 3 |  3.9

Action                   |  1- 3 |  4- 6 |  7- 9 | 10-12 | 13-15 || total
-------------------------+-------+-------+-------+-------+-------++-------
Melee: Hand axe          |    21 |   132 |   313 |   120 |       ||   586
       Whip              |   127 |     9 |       |       |       ||   136
       Punch             |       |     1 |     2 |     5 |       ||     8
       Battleaxe         |       |       |       |   383 |   453 ||   836
       Broad axe         |       |       |       |       |   201 ||   201
Throw: Boomerang         |       |       |       |       |     1 ||     1
Invok: Trog's Hand       |       |     1 |     5 |     4 |     1 ||    11
       Brothers in Arms  |       |       |     1 |     5 |     2 ||     8
Evoke: Wand              |       |       |     6 |    15 |    20 ||    41
  Use: Scroll            |       |     6 |     1 |    10 |     7 ||    24
Armor: Animal skin       |    40 |    30 |       |       |       ||    70
       Scale mail        |       |    66 |    57 |       |       ||   123
       Plate armour      |       |       |   175 |   430 |   725 ||  1330
Dodge: Dodged            |   100 |    92 |   162 |   268 |   414 ||  1036
Block: Buckler           |       |       |       |       |    43 ||    43

Table legend: (Time is in decaauts)
 A = Elapsed time spent in this place.
 B = Non-inter-level travel time spent in this place.
 C = Inter-level travel time spent in this place.
 D = Time resting spent in this place.
 E = Time spent auto-exploring this place.
 F = Levels seen in this place.
 G = Mean time per level.
                   A        B        C        D        E       F      G
               +--------+--------+--------+--------+--------+-----+--------+
         Total |  25609 |  24595 |   1014 |  10797 |   9679 |  19 | 1347.8 |
       Dungeon |  15487 |  14919 |    568 |   5773 |   6569 |  14 | 1106.2 |
          Lair |  10121 |   9675 |    446 |   5024 |   3109 |   5 | 2024.2 |
               +--------+--------+--------+--------+--------+-----+--------+

Top non-repeatable levels by time:
  Lair:4: 2959 daAuts
  Lair:5: 2371 daAuts
     D:9: 2056 daAuts
  Lair:2: 2051 daAuts
    D:11: 1677 daAuts
    D:12: 1601 daAuts
     D:1: 1426 daAuts
  Lair:1: 1408 daAuts
     D:7: 1370 daAuts
  Lair:3: 1330 daAuts
     D:5: 1319 daAuts
     D:2: 1199 daAuts
     D:6: 1055 daAuts
    D:10: 951 daAuts
     D:8: 882 daAuts
